 Dungeon Crawl Stone Soup version 0.29-a0-620-g13ace881f2 (webtiles) character file.

Game seed: 4980558718650211950

5896 Conn the Thaumaturge (level 10, -2/67 HPs)
             Began as an Octopode Fire Elementalist on June 18, 2022.
             Was an Initiate of Sif Muna.
             Slain by a killer bee (7 damage)
             ... on level 9 of the Dungeon.
             The game lasted 00:46:13 (12354 turns).

Conn the Thaumaturge (Octopode Fire Elementalist)  Turns: 12354, Time: 00:46:15

Health: -2/67      AC:  1    Str:  8      XL:     10   Next: 82%
Magic:  0/20       EV: 14    Int: 21 (22) God:    Sif Muna [......]
Gold:   381        SH:  0    Dex: 12      Spells: 4/26 levels left

rFire   . . .      SeeInvis .   h - +2 dagger (venom)
rCold   + . .      Faith    .   (no shield)
rNeg    . . .      Spirit   +   (helmet restricted)
rPois   .          Reflect  .   i - amulet of guardian spirit
rElec   .          Harm     .   b - ring of protection from cold
rCorr   .          Rampage  .   F - ring of wizardry
Will    .....                   (no ring)
Stlth   ++++......              (no ring)
HPRegen 0.21/turn               (no ring)
MPRegen 0.17/turn               (no ring)
                                (no ring)
                                (no ring)

@: lethally poisoned (-2 -> -13)
A: almost no armour, amphibious, 8 rings, camouflage 1, gelatinous body 1,
(nimble swimmer 1), tentacles, deterioration 1, low MP 1, robust 1
a: Renounce Religion


You were on level 9 of the Dungeon.
You worshipped Sif Muna.
Sif Muna was noncommittal.
You visited 2 branches of the dungeon, and saw 10 of its levels.

You collected 381 gold pieces.

Inventory:

Hand Weapons
 h - a +2 dagger of venom (weapon)
Missiles
 k - 9 poisoned darts (quivered)
 l - a curare-tipped dart
 q - 3 javelins
 C - 2 datura-tipped darts
Jewellery
 b - a ring of protection from cold (left tentacle)
 i - an amulet of guardian spirit (around mantle)
 F - a ring of wizardry (right tentacle)
Wands
 u - a wand of acid (3)
 D - a wand of polymorph (10)
 G - a wand of flame (34)
Scrolls
 a - 3 scrolls of fog
 d - 2 scrolls of enchant armour {unknown}
 g - a scroll of magic mapping {unknown}
 j - 3 scrolls of immolation {unknown}
 m - 7 scrolls of identify {unknown}
 n - a scroll of amnesia {unknown}
 o - a scroll of teleportation {unknown}
 p - a scroll of poison {unknown}
 s - 2 scrolls of acquirement {unknown}
 x - a scroll of blinking
 y - a scroll of enchant weapon {unknown}
 z - 3 scrolls of fear {unknown}
 A - a scroll of silence {unknown}
 E - 2 scrolls of noise {unknown}
 J - a scroll of vulnerability {unknown}
Potions
 c - a potion of attraction
 e - 2 potions of mutation
 f - a potion of brilliance {unknown}
 r - 2 potions of flight
 t - a potion of resistance {unknown}
 v - 3 potions of cancellation
 w - 5 potions of degeneration


   Skills:
 + Level 2.3 Fighting
 + Level 1.8 Short Blades
 + Level 1.5 Throwing
 + Level 3.5 Dodging
 + Level 5.3 Stealth
 + Level 0.1 Unarmed Combat
 + Level 8.6 Spellcasting
 * Level 6.3 Conjurations
 + Level 3.0 Hexes
 + Level 1.0 Translocations
 + Level 8.2 Fire Magic
 * Level 4.1 Ice Magic
 + Level 2.4 Evocations


You had 4 spell levels left.
You knew the following spells:

 Your Spells              Type           Power      Damage    Failure   Level
a - Foxfire               Conj/Fire      100%       2x1d9     1%          1
b - Conjure Flame         Conj/Fire      39%        6-21      1%          3
c - Inner Flame           Hex/Fire       32%        N/A       1%          3
d - Flame Wave            Conj/Fire      39%        2d9       1%          4
e - Scorch                Fire           86%        2d9       1%          2
f - Magic Dart            Conj           100%       1d8       1%          1
g - Hailstorm             Conj/Ice       31%        3d8       3%          4
h - Iskenderun's Mystic   Conj/Tloc      24%        2d7       6%          4

Your spell library contained the following spells:

 Spells                   Type           Power      Damage    Failure   Level
 Apportation              Tloc           26%        N/A       1%          1
 Freeze                   Ice            100%       1d11      1%          1
 Shock                    Conj/Air       88%        1d8       1%          1
 Searing Ray              Conj           70%        2d7       1%          2
 Dazzling Flash           Conj/Hex       56%        N/A       1%          3
 Frozen Ramparts          Ice            52%        1d7       1%          3
 Fulminant Prism          Conj/Hex       14%        3d9       4%          4
 Swiftness                Air            9%         N/A       9%          3
 Airstrike                Air            4%         N/A       28%         4
 Starburst                Conj/Fire      19%        6d7       22%         6
 Alistair's Intoxication  Tmut/Pois      6%         N/A       61%         5


Dungeon Overview and Level Annotations

Branches:
Dungeon (9/15)             Temple (1/1) D:7
   Lair: D:8-11         Orc: D:9-12

Altars:
Ashenzari
Cheibriados
Dithmenos
Elyvilon
Fedhas
Gozag
Kikubaaqudgha
Makhleb
Okawaru
Sif Muna
Trog
Vehumet
Wu Jian
Xom
Yredelemnul
Zin

Shops:
D:7 [


Innate Abilities, Weirdness & Mutations

You cannot wear most types of armour.
You are amphibious.
You can wear up to eight rings at the same time.
Your skin changes colour to match your surroundings (Stealth+).
Your rubbery body absorbs attacks. (AC +1, EV +1)
((You are camouflaged when in or above water. (Stealth+)))
You have tentacles for arms and can constrict up to eight enemies at once.
Your body sometimes deteriorates upon taking damage.
Your magical capacity is low. (-10% MP)
You are robust. (+10% HP)


Message History

You feel sick.
You kill the killer bee!
Sif Muna accepts your kill. The killer bee stings you.
You are more poisoned.
The killer bee poisons you! The killer bee stings you.
Throw: throwing net
Press: ? - help, Q - select action, (/) - cycle Shift-Dir - straight line, f - killer bee
Aim: a killer bee (severely wounded, 26% to hit)
You throw a throwing net.
The throwing net barely misses the killer bee.
You feel very sick. The killer bee stings you. The killer bee stings you!
* * * LOW HITPOINT WARNING * * *
You are lethally poisoned!
The killer bee poisons you!
Unknown command.
Okay, then.
Okay, then.
Casting: Flame Wave (dangerous; 1% risk of failure)
Confirm with . or Enter, or press ? or * to list all spells.
Okay, then.
Okay, then.
Aiming: Corrosive Bolt
Press: ? - help, Shift-Dir - straight line, f/p - killer bee
Aim: a killer bee (severely wounded, 43% to hit)
The bolt of acid hits the killer bee!
The acid corrodes the killer bee!
You kill the killer bee!
Sif Muna accepts your kill.
* * * LOW HITPOINT WARNING * * *
You feel very sick. The killer bee closely misses you.
Aiming: Corrosive Bolt
Press: ? - help, Shift-Dir - straight line, f - killer bee
Aim: a killer bee (43% to hit)
The bolt of acid misses the killer bee.
* * * LOW HITPOINT WARNING * * *
You feel very sick. The killer bee stings you!
You die...

#...# #.# #
#...####.####
#...#>.......
####...+....####
#......#.##.#
#.....##.##.####
#####.....'........#
#...#.....##.##.##.#
#..@#.....##.##.##.#
#..y#.....##........
#(..#.....########.#
#...#.....#
#...###'###
#...###.#####
#...........#
#...........#
#...........#


You could see a killer bee.

Vanquished Creatures
  A hydra (D:8)
  Pikel (D:5)
  2 dream sheep (D:8)
  Sigmund (D:3)
  A wyvern (D:8)
  A steam dragon (D:8)
  Duvessa (D:5)
  2 water moccasins
  5 ice beasts
  A sky beast (D:8)
  2 black bears
  3 centaurs
  A phantom (D:8)
  3 kobold brigands (D:8)
  A necrophage (D:5)
  2 bullfrogs
  3 scorpions
  12 wights
  Dowan (D:5)
  5 killer bees
  2 lava snakes (D:7)
  2 howler monkeys (D:9)
  2 jellies
  2 orc priests
  3 hounds
  Crazy Yiuf (D:6)
  A gnoll shaman (D:4)
  6 iguanas
  Terence (D:3)
  5 orc wizards
  Ijyb (D:5)
  5 gnolls
  8 adders
  3 white imps
  An ufetubus (D:5)
  3 worms
  A dart slug (D:1)
  29 orcs
  5 bats
  4 endoplasms
  6 goblins
  8 hobgoblins
  10 jackals (D:1)
  4 quokkas
  11 ball pythons
  A frilled lizard (D:2)
  9 kobolds
  11 rats
194 creatures vanquished.

Vanquished Creatures (collateral kills)
  A centaur (D:8)
  2 killer bees (D:8)
  A howler monkey (D:5)
  16 foxfires
20 creatures vanquished.

Vanquished Creatures (others)
  A bullfrog (D:6)
  8 demonic plants (D:3)
  591 foxfires
  11 fungi (D:3)
  49 plants
  2 withered plants (D:3)
662 creatures vanquished.

Grand Total: 876 creatures vanquished

Notes
Turn   | Place    | Note
-------+----------+-------------------------------------------
     0 | D:1      | Conn the Octopode Fire Elementalist began the quest for the
                  | Orb.
     0 | D:1      | Reached XP level 1. HP: 11/11 MP: 3/3
    69 | D:1      | Reached XP level 2. HP: 7/17 MP: 1/5
    72 | D:1      | Learned a level 2 spell: Scorch
   921 | D:1      | Reached XP level 3. HP: 17/21 MP: 1/6
  1834 | D:2      | Reached XP level 4. HP: 27/27 MP: 2/8
  2565 | D:2      | Found a shimmering altar of Xom.
  2802 | D:3      | Noticed Terence
  2808 | D:3      | Noticed Sigmund
  2848 | D:2      | Learned a level 3 spell: Conjure Flame
  2921 | D:3      | Killed Terence
  2922 | D:3      | Reached XP level 5. HP: 31/31 MP: 1/9
  3006 | D:2      | Learned a level 3 spell: Inner Flame
  3258 | D:3      | Noticed an ice beast
  3273 | D:3      | Killed an ice beast
  3274 | D:3      | Reached XP level 6. HP: 19/36 MP: 0/11
  3641 | D:3      | Found a faded altar of an unknown god.
  3680 | D:3      | Killed Sigmund
  4206 | D:4      | Reached XP level 7. HP: 42/42 MP: 2/13
  4609 | D:4      | Reached skill level 1 in Fighting
  4609 | D:4      | Reached skill level 5 in Fire Magic
  4892 | D:4      | Learned a level 4 spell: Flame Wave
  4894 | D:4      | Learned a level 1 spell: Magic Dart
  5056 | D:4      | Found an ornate altar of the Wu Jian Council.
  5061 | D:4      | Noticed a spectral centipede
  5061 | D:4      | Noticed a spectral black mamba
  5061 | D:4      | Noticed a spectral cane toad
  5190 | D:5      | Entered Level 5 of the Dungeon
  5238 | D:5      | Reached skill level 1 in Throwing
  5263 | D:5      | Reached skill level 1 in Short Blades
  5491 | D:5      | Noticed Duvessa
  5491 | D:5      | Noticed Dowan
  5515 | D:5      | Killed Duvessa
  5516 | D:5      | Reached XP level 8. HP: 48/48 MP: 2/15
  5523 | D:5      | Killed Dowan
  5524 | D:5      | Reached skill level 1 in Hexes
  5664 | D:5      | Noticed Pikel
  5681 | D:5      | Killed Pikel
  5682 | D:5      | Reached skill level 5 in Spellcasting
  5696 | D:5      | Noticed Ijyb
  5763 | D:6      | Reached skill level 1 in Evocations
  6075 | D:6      | Reached XP level 9. HP: 54/54 MP: 10/18
  6670 | D:6      | Found a runed translucent door.
  6671 | D:6      | Noticed Crazy Yiuf
  6678 | D:6      | Killed Crazy Yiuf
  7434 | D:5      | Killed Ijyb
  8047 | D:5      | Learned a level 4 spell: Hailstorm
  8284 | D:7      | Found Lasmoc's Armour Boutique.
  8395 | D:7      | Reached skill level 5 in Stealth
  8475 | D:7      | Reached skill level 1 in Ice Magic
  8567 | D:8      | Gained mutation: Your body sometimes deteriorates upon
                  | taking damage. [potion of mutation]
  8567 | D:8      | Gained mutation: Your magical capacity is low. (-10% MP)
                  | [potion of mutation]
  8567 | D:8      | Gained mutation: You are robust. (+10% HP) [potion of
                  | mutation]
  8944 | D:8      | Reached skill level 5 in Conjurations
  8981 | D:8      | HP: 2/59 [poisoned by a killer bee]
  8988 | D:8      | Reached XP level 10. HP: 3/66 MP: 9/18
 10167 | D:8      | Learned a level 4 spell: Iskenderun's Mystic Blast
 10481 | D:8      | Noticed a three-headed hydra
 10511 | D:8      | Killed a three-headed hydra
 10838 | D:8      | Reached skill level 1 in Translocations
 11730 | D:7      | Found a staircase to the Ecumenical Temple.
 11741 | Temple   | Entered the Ecumenical Temple
 11842 | Temple   | Became a worshipper of Sif Muna the Loreminder
 12354 | D:9      | Slain by a killer bee

Illustrated notes

Levels and vault maps discovered:
D:1:      co_arrival_random_square_maze, layout_basic
D:2:      layout_loops_ring, basic_altar, st_stairs_4
D:3:      layout_loops_ring, shapermc_ecumenical_altar_gd, serial_bayou,
          serial_bayou_pond_c, serial_bayou_ford_a, serial_bayou_lagoon_a,
          serial_bayou_shore_b, uniq_terence, uniq_sigmund
D:4:      layout_rooms, pdpol_wu_jian_five_deadly_venoms
D:5:      layout_basic, uniq_pikel, uniq_ijyb, uniq_duvessa
D:6:      layout_loops_corners, solitary_fountain, chequers_hall_statues_y,
          uniq_crazy_yiuf_cottage
D:7:      layout_basic, minmay_temple_entry_poolview, serial_glass,
          glass_columns_a, glass_columns_c, serial_shops, nicolae_shop_trees,
          kennysheep_generic_room_2
D:8:      layout_loops_cross, hangedman_ranch
D:9:      layout_basic
Temple:   kilobyte_greek_temple

Skill      XL: |  1  2  3  4  5  6  7  8  9 10 |
---------------+-------------------------------+-----
Stealth        | 3 4 5 |  5.3
Fire Magic     | 4 5 6 7 8 |  8.2
Spellcasting   | 3 4 6 7 8 |  8.6
Conjurations   | 2 3 4 5 6 |  6.3
Fighting       | 1 2 |  2.3
Throwing       | 1 |  1.5
Short Blades   | 1 |  1.8
Hexes          | 2 3 |  3.0
Dodging        | 3 |  3.5
Evocations     | 1 2 |  2.4
Ice Magic      | 2 4 |  4.1
Translocations | 1 |  1.0
Unarmed Combat | |  0.1

Action                   |  1- 3 |  4- 6 |  7- 9 | 10-12 || total
-------------------------+-------+-------+-------+-------++-------
Melee: Unarmed           |    20 |       |       |       ||    20
       Constrict         |     5 |     6 |    14 |     2 ||    27
       Tentacles         |     3 |     8 |    10 |     1 ||    22
       Short sword       |     6 |    20 |    40 |       ||    66
       Punch             |       |       |     1 |       ||     1
       Dagger            |       |       |       |     5 ||     5
Throw: Dart              |       |     7 |     6 |       ||    13
       Javelin           |       |     4 |       |       ||     4
       Throwing net      |       |       |     1 |     2 ||     3
 Cast: Foxfire           |    52 |    85 |   159 |    68 ||   364
       Scorch            |     3 |    13 |    37 |    19 ||    72
       Conjure Flame     |       |     2 |     7 |     7 ||    16
       Inner Flame       |       |     1 |     4 |     5 ||    10
       Magic Dart        |       |       |     1 |       ||     1
       Flame Wave        |       |       |     3 |     5 ||     8
       Hailstorm         |       |       |       |     6 ||     6
       Iskenderun's Myst |       |       |       |     3 ||     3
Evoke: Wand              |       |       |    15 |     3 ||    18
  Use: Potion            |       |     3 |    11 |       ||    14
       Scroll            |       |       |     3 |       ||     3
 Stab: Sleeping          |       |     5 |     3 |     2 ||    10
Armor: Skin              |     2 |       |     6 |     3 ||    11
Dodge: Dodged            |    22 |    10 |    71 |    32 ||   135

Table legend: (Time is in decaauts)
 A = Elapsed time spent in this place.
 B = Non-inter-level travel time spent in this place.
 C = Inter-level travel time spent in this place.
 D = Time resting spent in this place.
 E = Time spent auto-exploring this place.
 F = Levels seen in this place.
 G = Mean time per level.
                   A        B        C        D        E       F      G
               +--------+--------+--------+--------+--------+-----+--------+
         Total |  12350 |  11991 |    359 |    376 |   9494 |  10 | 1235.0 |
       Dungeon |  12216 |  11889 |    327 |    376 |   9399 |   9 | 1357.3 |
        Temple |    133 |    101 |     32 |      0 |     95 |   1 |  133.0 |
               +--------+--------+--------+--------+--------+-----+--------+

Top non-repeatable levels by time:
     D:8: 2336 daAuts
     D:6: 1784 daAuts
     D:1: 1728 daAuts
     D:7: 1409 daAuts
     D:3: 1342 daAuts
     D:5: 1296 daAuts
     D:2: 1232 daAuts
     D:4: 894 daAuts
     D:9: 192 daAuts
  Temple: 133 daAuts
